 Dungeon Crawl Stone Soup version 0.28-a0-1395-g4f6bc678fa (webtiles) character file.

Game seed: 13677448593480282304

0 Deminshera the Charlatan (level 1, 14/16 HPs)
             Began as a Demonspawn Wanderer on Jan 4, 2022.
             Quit the game on level 1 of the Dungeon.
             The game lasted 00:00:23 (89 turns).

Deminshera the Charlatan (Demonspawn Wanderer)        Turns: 89, Time: 00:00:24

Health: 14/16      AC:  3    Str:  9    XL:     1   Next: 8%
Magic:  0/2        EV: 11    Int: 15    God:
Gold:   8          SH:  0    Dex: 13    Spells: 1/2 levels left

rFire   . . .      SeeInvis .   a - +0 dagger
rCold   . . .      Faith    .   (no shield)
rNeg    . . .      Spirit   .   c - +0 robe
rPois   .          Reflect  .   b - +0 helmet
rElec   .          Harm     .   (no cloak)
rCorr   .          Rampage  .   (no gloves)
Will    .....                   (no boots)
Stlth   ++........              (no amulet)
HPRegen 0.05/turn               (no ring)
MPRegen 0.08/turn               (no ring)

@: no status effects
A: no striking features
a: no special abilities


You were on level 1 of the Dungeon.
You visited 1 branch of the dungeon, and saw 1 of its levels.

You collected 8 gold pieces.

Inventory:

Hand Weapons
 a - a +0 dagger (weapon)
Armour
 b - a +0 helmet (worn)
 c - a +0 robe (worn)
Scrolls
 d - 2 scrolls of fear
 e - a scroll of magic mapping {unknown}
Potions
 f - a potion of ambrosia {unknown}


   Skills:
 + Level 2.0 Fighting
 + Level 1.7 Stealth
 + Level 1.7 Unarmed Combat
 + Level 1.0 Spellcasting
 + Level 1.0 Fire Magic
 - Level 2.0 Evocations


You had one spell level left.
You knew the following spells:

 Your Spells              Type           Power      Damage    Failure   Level
a - Foxfire               Conj/Fire      8%         2x1d4     21%         1

Your spell library contained the following spells:

 Spells                   Type           Power      Damage    Failure   Level
 Conjure Flame            Conj/Fire      2%         6-21      52%         3


Dungeon Overview and Level Annotations

Branches:
Dungeon (1/15)

Altars:


Message History

t - Shout!
Orders for allies: a - Attack new target. r - Retreat! s - Stop attacking. g - Guard the area. f - Follow me.
Anything else - Cancel.
Gang up on whom?
Press: ? - help, Dir - move target, f - bat
Aim: a bat (asleep, ally target) Attack!
The foxfire hits the bat but does no damage.
Your foxfire dissipates!
The bat hits you but does no damage.
Casting: Foxfire (safe; 21% risk of failure)
Confirm with . or Enter, or press ? or * to list all spells.
You conjure some foxfire!
The bat hits you but does no damage.
You closely miss the bat.
The foxfire hits the bat but does no damage. x2
The bat barely misses you. The bat hits you but does no damage.
A bat is nearby!
You hit the bat but do no damage. The bat barely misses you.
You miss the bat. The bat closely misses you.
You barely miss the bat. The bat barely misses you. The bat hits you.
A bat is nearby!
The bat barely misses you.
You closely miss the bat. The bat barely misses you.
You hit the bat but do no damage. The bat hits you but does no damage.
The bat closely misses you.
Casting: Foxfire (safe; 21% risk of failure)
Confirm with . or Enter, or press ? or * to list all spells.
You conjure some foxfire!
The bat barely misses you.
You hit the bat.
The bat is moderately wounded.
The foxfire hits the bat.
The bat is heavily wounded.
The bat hits you.
The foxfire hits the bat.
The bat is severely wounded.
The bat hits you but does no damage. The bat closely misses you.
Are you sure you want to abandon this character and quit the game? (Confirm with "yes".)

.# . ### #. ..# ###.##
######.# #..... #...##.#
##.....#### ###...##.#
......ยง...####........##
#.....@................
#.....b##.............##
.###.## ########...###..
# #...# #.# #.### #.# #.#
#.# #.# #.# #.# #.. #.#
###


You could see a bat.

Vanquished Creatures
  A bat (D:1)
1 creature vanquished.

Vanquished Creatures (others)
  7 foxfires (D:1)
7 creatures vanquished.

Grand Total: 8 creatures vanquished

Notes
Turn   | Place    | Note
-------+----------+-------------------------------------------
     0 | D:1      | Deminshera the Demonspawn Wanderer began the quest for the
                  | Orb.
     0 | D:1      | Deminshera set off with the following items: a +0 dagger, a
                  | +0 helmet, a +0 robe, 2 scrolls of fear; and the following
                  | spell memorised: Foxfire; and the following spells
                  | available to memorise: Conjure Flame
     0 | D:1      | Reached XP level 1. HP: 16/16 MP: 2/2
    89 | D:1      | Quit the game

Illustrated notes

Levels and vault maps discovered:
D:1:      enne_arrival_octagon_isle, layout_loops_ring, lexackson_kobold_supper

Action                   || total
-------------------------++-------
Melee: Dagger            ||     8
 Cast: Foxfire           ||     4
Armor: Robe              ||     5
Dodge: Dodged            ||    10

Table legend: (Time is in decaauts)
 A = Elapsed time spent in this place.
 B = Non-inter-level travel time spent in this place.
 C = Inter-level travel time spent in this place.
 D = Time resting spent in this place.
 E = Time spent auto-exploring this place.
 F = Levels seen in this place.
 G = Mean time per level.
                   A        B        C        D        E       F      G
               +--------+--------+--------+--------+--------+-----+--------+
         Total |     89 |     89 |      0 |      0 |     66 |   1 |   89.0 |
       Dungeon |     89 |     89 |      0 |      0 |     66 |   1 |   89.0 |
               +--------+--------+--------+--------+--------+-----+--------+

Top non-repeatable levels by time:
     D:1: 89 daAuts
